 Dungeon Crawl Stone Soup version 0.32-a0-918-g0f22ef8d61 (webtiles) character file.

Game seed: 1894198181173386997

4337 spaghetti the Slicer (level 10, -1/126 HPs)
             Began as a Naga Berserker on Apr 10, 2024.
             Was a Priest of Trog.
             Slain by a yak (10 damage)
             ... on level 8 of the Dungeon.
             The game lasted 00:08:29 (6542 turns).

spaghetti the Slicer (Naga Berserker)               Turns: 6542, Time: 00:08:29

Health: -1/126     AC:  8    Str: 20    XL:     10   Next: 33%
Magic:  10/10      EV:  9    Int:  7    God:    Trog [***...]
Gold:   153        SH:  0    Dex: 18    Spells: 9/9 levels left

rFire   + . .        s - +7 long sword (spect)
rCold   . . .        (no shield)
rNeg    + . .        a - +0 animal skin
rPois   +            (no helmet)
rElec   .            d - +0 cloak
rCorr   .            g - +2 pair of gloves {Dex+3}
SInv    +            (no barding)
Will    +....        (no amulet) Stlth
                     p - ring of protection from fire
HPRegen 0.41/turn    q - ring of positive energy
MPRegen 0.12/turn

%: no passive effects
@: berserking, quick
A: AC +3, large, see invisible, deformed body, poison resistance, slowness 2,
spit poison 1, naga tail 1, stinger 1, inability to drink after injury 1
a: Spit Poison, Renounce Religion, Berserk, Trog's Hand


You were on level 8 of the Dungeon.
You worshipped Trog.
Trog was most pleased with you.
You visited 1 branch of the dungeon, and saw 8 of its levels.

You collected 325 gold pieces.
You spent 172 gold pieces at shops.

Inventory:

Hand Weapons
 c - a +4 vampiric rapier
 s - a +7 spectral long sword (weapon)
Missiles
 l - 2 throwing nets
Armour
 a - a +0 animal skin (worn)
 d - a +0 cloak (worn)
 g - a +2 pair of gloves of dexterity (worn)
Jewellery
 p - a ring of protection from fire (left hand)
 q - a ring of positive energy (right hand)
Wands
 m - a wand of paralysis (21)
 o - a wand of quicksilver (5)
 t - a wand of flame (31)
Scrolls
 f - 3 scrolls of identify
 i - a scroll of revelation
 n - 2 scrolls of fog
 r - 2 scrolls of enchant armour {unknown}
Potions
 b - a potion of invisibility
 e - 5 potions of curing
 h - a potion of brilliance
 j - a potion of might
 k - 5 potions of attraction
 u - a potion of heal wounds


   Skills:
 - Level 3.0 Fighting
 - Level 12.0(13.0) Short Blades
 + Level 8.3(11.3) Long Blades
 - Level 1.5 Armour
 - Level 1.5 Dodging
 - Level 3.3 Unarmed Combat


You had 9 spell levels left.
You didn't know any spells.
Your spell library contained the following spells:

 Spells                   Type           Power      Damage    Failure   Level
 Cigotuvi's Dreadful Rot  Necr/Alch/Air  0%         N/A       56%         2
 Ensorcelled Hibernation  Hex/Ice        0%         N/A       56%         2
 Passwall                 Erth           0%         N/A       80%         3
 Swiftness                Air            0%         N/A       80%         3
 Volatile Blastmotes      Fire/Tloc      0%         2d10      80%         3
 Dispel Undead            Necr           0%         3d6       99%         4
 Martyr's Knell           Necr/Summ      0%         N/A       99%         4
 Vhi's Electric Charge    Tloc/Air       0%         N/A       99%         4
 Bombard                  Conj/Erth      0%         9d1       100%        6


Dungeon Overview and Level Annotations

Branches:
Dungeon (8/15)             Temple (0/1) D:4
   Lair: D:8-11

Altars:
Cheibriados
Elyvilon
Makhleb
Ru

Shops:
D:4 ***[!   D:8 *


Innate Abilities, Weirdness & Mutations

Your serpentine skin is tough. (AC +3)
You have supernaturally acute eyesight. (SInv)
Armour fits poorly on your strangely shaped body.
Your system is resistant to poisons. (rPois)
You cover ground very slowly.
You can spit poison.
You have a snake-like lower body.
Your tail ends in a venomous barb.
You occasionally lose the ability to drink potions when taking damage.


Message History

Your +7 spectral long sword hits the yak!
The yak gores you!
The yak gores your +7 spectral long sword!
Your spectral weapon shares its damage with you!
* * * LOW HITPOINT WARNING * * *
A red film seems to cover your vision as you go berserk!
You feel yourself moving faster!
You feel mighty!
Your +7 spectral long sword disappears.
The yak gores you!
* * * LOW HITPOINT WARNING * * *
You slash the yak!
The yak is severely wounded.
Your +7 spectral long sword hits the yak!
You kill the yak!
Trog accepts your kill. The yak gores you!
* * * LOW HITPOINT WARNING * * *
Your base Long Blades skill increases to level 8!
You barely miss the yak.
Your +7 spectral long sword hits the yak!!
The yak gores you.
* * * LOW HITPOINT WARNING * * *
The yak gores you.
* * * LOW HITPOINT WARNING * * *
You hit the yak.
The yak is heavily wounded.
Your +7 spectral long sword hits the yak!
You slice the yak!!
You kill the yak!
Trog accepts your kill.
Your +7 spectral long sword disappears.
The yak gores you but does no damage.
You slice the yak!!
The yak is heavily wounded.
Your +7 spectral long sword hits the yak!
You barely miss the yak.
The yak is severely wounded.
Your +7 spectral long sword barely misses the yak.
The yak gores you!
You die...

#####....# #........#
#.....).(# #..##.))##
#..##...## #
#..)...).# ...
#).......#
.....#######........#
......Y@............#
.......(............#
#####################


You could see a yak and a friendly +7 spectral long sword.

Vanquished Creatures
  Pikel (D:6)
  Joseph (D:7)
  Jeremiah (D:8)
  Sigmund (D:3)
  Eustachio (D:6)
  5 yaks (D:8)
  2 steam dragons
  An acid dragon (D:8)
  Duvessa (D:5)
  2 water moccasins
  A black bear (D:5)
  An orc warrior (D:8)
  2 sky beasts (D:7)
  An ogre (D:5)
  A centaur (D:8)
  2 kobold brigands
  2 scorpions
  4 wights (D:7)
  Dowan (D:5)
  3 howler monkeys (D:7)
  2 bombardier beetles
  A hound (D:7)
  A jelly (D:5)
  2 iguanas
  2 orc wizards (D:8)
  5 gnolls
  8 adders
  A white imp (D:6)
  An ufetubus (D:7)
  5 dart slugs
  14 orcs
  4 bats
  11 endoplasms
  3 giant cockroaches
  3 goblins
  7 hobgoblins
  2 quokkas
  3 ball pythons
  4 frilled lizards
  19 kobolds
  6 rats
138 creatures vanquished.

Vanquished Creatures (collateral kills)
  Crazy Yiuf (D:6)
1 creature vanquished.

Vanquished Creatures (others)
  An ufetubus (D:7)
1 creature vanquished.

Grand Total: 140 creatures vanquished

Notes
Turn   | Place    | Note
-------+----------+-------------------------------------------
     0 | D:1      | spaghetti the Naga Berserker began the quest for the Orb.
     0 | D:1      | Reached XP level 1. HP: 21/21 MP: 1/1
     6 | D:1      | Noticed a hound
     6 | D:1      | Noticed a rime drake
     6 | D:1      | Noticed an anaconda
     7 | D:1      | Noticed a scorpion
     7 | D:1      | Noticed a polar bear
   350 | D:1      | Reached skill level 1 in Short Blades
   350 | D:1      | Reached XP level 2. HP: 28/28 MP: 2/2
   949 | D:2      | Reached skill level 2 in Short Blades
   986 | D:2      | Reached XP level 3. HP: 17/34 MP: 3/3
  1185 | D:2      | Noticed a scorpion
  1202 | D:2      | Killed a scorpion
  1203 | D:2      | Reached skill level 3 in Short Blades
  1203 | D:2      | Reached XP level 4. HP: 42/42 MP: 4/4
  1260 | D:2      | Found a white marble altar of Elyvilon.
  1302 | D:2      | Reached skill level 4 in Short Blades
  1316 | D:2      | Reached ** piety under Trog
  1428 | D:3      | Reached XP level 5. HP: 43/49 MP: 5/5
  1777 | D:3      | Noticed Sigmund
  1788 | D:3      | Killed Sigmund
  1789 | D:3      | Reached skill level 5 in Short Blades
  1789 | D:3      | Reached XP level 6. HP: 56/56 MP: 6/6
  1889 | D:3      | Reached skill level 6 in Short Blades
  1985 | D:3      | Gained mutation: You occasionally lose the ability to drink
                  | potions when taking damage. [potion of mutation]
  1985 | D:3      | Gained mutation: Your tail ends in a venomous barb. [potion
                  | of mutation]
  2105 | D:3      | Identified the +1 rapier of Dullness {venom, Dex+5}
  2531 | D:4      | Found Luahiog's Distillery.
  2599 | D:4      | Found a sacrificial altar of Ru.
  2662 | D:4      | Found Miafannel's Armour Emporium.
  2667 | D:4      | Found Teastupp's Assorted Antiques.
  2702 | D:4      | Found Tiemav's Assorted Antiques.
  2820 | D:4      | Found Jaiken's General Store.
  2956 | D:4      | Found a staircase to the Ecumenical Temple.
  3005 | D:5      | Entered Level 5 of the Dungeon
  3076 | D:5      | Noticed Duvessa
  3089 | D:5      | Killed Duvessa
  3090 | D:5      | Reached skill level 7 in Short Blades
  3090 | D:5      | Reached XP level 7. HP: 62/62 MP: 7/7
  3102 | D:5      | Noticed Dowan
  3117 | D:5      | Killed Dowan
  3464 | D:4      | Bought a pair of glowing gloves for 172 gold pieces
  3514 | D:5      | Found a burning altar of Makhleb.
  3540 | D:5      | Reached skill level 8 in Short Blades
  3699 | D:5      | Reached XP level 8. HP: 69/69 MP: 8/8
  4126 | D:6      | Found a runed translucent door.
  4127 | D:6      | Noticed Crazy Yiuf
  4183 | D:6      | Noticed Eustachio
  4192 | D:6      | Noticed Pikel
  4193 | D:6      | Reached skill level 9 in Short Blades
  4208 | D:6      | Killed Eustachio
  4215 | D:6      | Killed Pikel
  4216 | D:6      | Reached skill level 10 in Short Blades
  4444 | D:6      | Killed Crazy Yiuf
  4726 | D:7      | Found a white marble altar of Elyvilon.
  4760 | D:7      | Reached XP level 9. HP: 75/75 MP: 9/9
  4764 | D:7      | Reached skill level 11 in Short Blades
  4793 | D:7      | Noticed Joseph
  4813 | D:7      | Killed Joseph
  4883 | D:7      | Reached skill level 12 in Short Blades
  5005 | D:7      | Reached skill level 1 in Long Blades
  5160 | D:7      | Reached *** piety under Trog
  5782 | D:8      | Found a snail-covered altar of Cheibriados.
  5866 | D:8      | Noticed Jeremiah
  5879 | D:8      | Killed Jeremiah
  5880 | D:8      | Reached skill level 5 in Long Blades
  6236 | D:8      | Found Esinopie's General Store.
  6278 | D:8      | Reached XP level 10. HP: 73/84 MP: 10/10
  6515 | D:8      | Identified the +5 dagger "Suvug" {elec, Str+2}
  6542 | D:8      | Slain by a yak

Illustrated notes

Levels and vault maps discovered:
D:1:      onia_arrival_zoo_common, layout_basic
D:2:      layout_basic, basic_altar, kennysheep_generic_room_11
D:3:      layout_basic, chequers_serial_rivers_small_b, uniq_sigmund
D:4:      layout_basic, nicolae_ru_path_of_blood, lemuel_temple_firewalk_b,
          serial_shops, nicolae_shop_tiny_glass, shop, shop, shop, shop
D:5:      layout_rooms, mainiacjoe_overflow_surrounded_room, uniq_duvessa
D:6:      layout_rooms, uniq_eustachio, uniq_pikel, uniq_crazy_yiuf_cottage
D:7:      layout_gridville, mainiacjoe_overflow_24_doors, uniq_joseph
D:8:      layout_gridville, kennysheep_little_box, serial_shops, shop,
          uniq_jeremiah

Skill      XL: |  1  2  3  4  5  6  7  8  9 10 |
---------------+-------------------------------+-----
Short Blades   | 1 2 3 4 5 7 8 10 12 | 12.0
Long Blades    | 6 8 |  8.3
Fighting       | |  3.0
Armour         | |  1.5
Dodging        | |  1.5
Unarmed Combat | |  3.3

Action                     |  1- 3 |  4- 6 |  7- 9 | 10-12 || total
---------------------------+-------+-------+-------+-------++-------
  Melee: Unarmed           |     5 |       |       |       ||     5
         Rapier            |    45 |    87 |   129 |       ||   261
         Long sword        |       |       |    57 |    42 ||    99
 Invoke: Berserk           |       |     3 |     5 |     1 ||     9
         Trog's Hand       |       |     1 |     2 |       ||     3
Ability: Spit Poison       |    18 |    28 |    19 |     4 ||    69
  Evoke: Wand              |       |       |     1 |       ||     1
    Use: Potion            |     2 |     7 |     4 |       ||    13
         Scroll            |     1 |     6 |     5 |       ||    12
   Stab: Invisible         |       |       |     1 |       ||     1
         Sleeping          |       |       |     1 |       ||     1
         Paralysed         |       |       |     1 |       ||     1
 Armour: Animal skin       |    25 |    48 |   200 |    36 ||   309
         Skin              |       |       |    10 |       ||    10
  Dodge: Dodged            |    31 |    44 |    93 |     6 ||   174

Table legend: (Time is in decaauts)
 A = Elapsed time spent in this place.
 B = Non-inter-level travel time spent in this place.
 C = Inter-level travel time spent in this place.
 D = Time resting spent in this place.
 E = Time spent auto-exploring this place.
 F = Levels seen in this place.
 G = Mean time per level.
                   A        B        C        D        E       F      G
               +--------+--------+--------+--------+--------+-----+--------+
         Total |   8230 |   7499 |    731 |    756 |   5751 |   8 | 1028.8 |
       Dungeon |   8230 |   7499 |    731 |    756 |   5751 |   8 | 1028.8 |
               +--------+--------+--------+--------+--------+-----+--------+

Top non-repeatable levels by time:
     D:7: 1449 daAuts
     D:1: 1271 daAuts
     D:3: 1108 daAuts
     D:4: 1080 daAuts
     D:8: 874 daAuts
     D:6: 871 daAuts
     D:5: 867 daAuts
     D:2: 706 daAuts
